Map: [ESL] Moondance

Players

Lambo

  • Race: Zerg Zerg
  • Spawn Location: 12:00

HeroMarine - Winner!

  • Race: Terran Terran
  • Spawn Location: 6:00

Event: DreamHack SC2 Masters 2022 Atlanta (Online)

VOD

Have the link to the VOD?

Description

Time

  • Played on: Oct. 9, 2022, 10:13 a.m.
  • Length: 8:14

All games in this series

Show
View Real Time Build Order
Export as new Build Order

Lambo Zerg 

Build Orders: Pool First 

Get SALT Encoding   

  12  0:00  Drone  
  13  0:12  Overlord  
  13  0:16  Drone  
  14  0:30  Drone x2  
  14  0:34  Drone  
  17  0:44  Drone  
  17  0:45  Extractor  
  17  0:49  Spawning Pool  
  16  0:55  Drone  
  17  1:07  Drone  
  18  1:16  Hatchery  
  17  1:20  Drone  
  18  1:35  Queen  
  18  1:36  Zergling x2  
  21  1:42  Overlord  
  21  1:47  Metabolic Boost  
  21  1:54  Drone  
  22  2:03  Drone  
  23  2:11  Queen  
  25  2:23  Hatchery  
  24  2:31  Drone  
  24  2:32  Zergling x4  
  24  2:33  Zergling x2  
  28  2:41  Drone  
  30  2:44  Drone x2  
  30  2:48  Overlord  
  31  2:54  Drone x2  
  33  3:04  Queen  
  33  3:05  Drone  
  36  3:09  Drone x2  
  38  3:14  Drone  
  38  3:19  Drone  
  40  3:22  Drone x4  
  43  3:31  Queen  
  44  3:38  Overlord  
  44  3:39  Drone x2  
  46  3:42  Drone  
  46  3:44  Queen, Drone  
  48  3:49  Queen  
  48  3:53  Overlord  
  50  3:59  Zergling x6  
  53  4:04  Drone x4  
  57  4:14  Drone  
  57  4:15  Overlord  
  57  4:16  Drone x3  
  61  4:19  Drone x2  
  61  4:23  Queen  
  65  4:30  Overlord  
  65  4:32  Drone  
  65  4:33  Queen  
  65  4:35  Lair, Extractor  
  65  4:37  Overlord  
  67  4:42  Drone x4  
  67  4:43  Drone  
  72  4:46  Drone  
  72  4:48  Spore Crawler  
  72  4:50  Drone x2  
  81  5:00  Drone x7  
  81  5:05  Zergling x4  
  81  5:07  Zergling x2  
  80  5:14  Zergling x6  
  79  5:27  Drone x4  
  76  5:28  Drone  
  76  5:40  Drone x6  
  82  5:46  Extractor  
  82  5:47  Extractor  
  80  5:50  Drone x2  
  80  5:52  Drone  
  80  5:55  Baneling Nest  
  82  5:58  Drone  
  82  6:00  Hatchery  
  82  6:03  Drone x2  
  84  6:09  Drone x2  
  86  6:13  Evolution Chamber  
  86  6:14  Drone x4  
  86  6:16  Evolution Chamber  
  88  6:21  Zergling x2  
  88  6:22  Zergling x2  
  88  6:24  Overlord  
  90  6:29  Overlord  
  90  6:31  Overlord x3  
  90  6:32  Overlord  
  90  6:34  Overlord  
  90  6:36  Overlord  
  90  6:38  Centrifugal Hooks  
  90  6:40  Overlord  
  90  6:41  Overlord  
  90  6:43  Hatchery  
  90  6:44  Zergling x2  
  89  6:48  Drone  
  87  6:55  Zergling x20  
  97  7:10  Zergling x6  
  97  7:14  Zergling x2  
  101  7:20  Zergling x16  
  109  7:27  Zergling x6  
  112  7:34  Overlord  
  112  7:35  Overlord x2  
  111  7:38  Overlord  
  111  7:42  Baneling x9, Overlord  
  111  7:44  Drone  
  112  7:47  Zergling x8  
  112  7:51  Zergling x8  
  116  7:53  Zergling x6  
Show
View Real Time Build Order
Export as new Build Order

HeroMarine Terran - Winner!

Build Orders: Reaper Expand 

Get SALT Encoding   

  12  0:00  SCV  
  13  0:12  SCV  
  14  0:17  Supply Depot  
  14  0:24  SCV  
  15  0:38  SCV  
  15  0:41  Barracks  
  16  0:43  Refinery  
  16  0:51  SCV  
  17  1:03  SCV  
  18  1:15  SCV  
  19  1:28  Reaper, Orbital Command  
  20  1:38  Command Center  
  20  1:45  Supply Depot  
  20  1:53  SCV  
  21  2:00  Marine  
  22  2:05  SCV  
  23  2:08  Factory  
  23  2:18  SCV  
  23  2:20  Marine  
  25  2:30  SCV  
  26  2:38  Command Center  
  26  2:40  Barracks Reactor  
  26  2:42  SCV  
  27  2:53  Hellion  
  27  2:54  SCV  
  27  2:56  Orbital Command  
  30  3:05  Starport  
  30  3:07  SCV  
  30  3:09  Refinery  
  31  3:19  SCV  
  32  3:21  Marine  
  32  3:22  Marine  
  32  3:25  Hellion, SCV  
  33  3:31  SCV  
  33  3:40  Marine x2  
  35  3:43  Medivac  
  35  3:44  SCV  
  35  3:48  SCV  
  39  3:56  SCV, Widow Mine  
  39  3:59  Orbital Command  
  39  4:01  SCV  
  42  4:08  SCV  
  43  4:13  SCV  
  43  4:14  Starport Tech Lab  
  45  4:21  SCV  
  45  4:22  Barracks Tech Lab  
  45  4:25  SCV x2  
  45  4:27  Hellion x2  
  51  4:32  Supply Depot  
  51  4:33  SCV  
  51  4:36  Raven  
  51  4:37  SCV x2  
  56  4:44  Marine  
  56  4:45  SCV  
  58  4:48  Supply Depot  
  58  4:49  SCV, Hellion  
  61  4:53  SCV  
  61  4:54  Hellion  
  61  4:57  SCV  
  65  5:01  SCV  
  65  5:05  SCV, Marine  
  67  5:09  SCV, Stimpack  
  67  5:10  Hellion  
  67  5:13  SCV  
  71  5:15  Hellion  
  71  5:18  SCV  
  71  5:21  Barracks, SCV  
  72  5:22  Barracks  
  72  5:25  SCV  
  70  5:30  SCV  
  70  5:31  Marine  
  70  5:32  Hellion  
  70  5:34  SCV  
  73  5:36  Hellion  
  73  5:37  Engineering Bay, SCV  
  73  5:40  Engineering Bay  
  73  5:41  Orbital Command  
  73  5:42  Starport Reactor  
  75  5:46  SCV  
  75  5:47  Refinery  
  75  5:49  SCV, Marine  
  77  5:50  Refinery  
  77  5:55  Supply Depot x2  
  77  6:02  Barracks x2  
  77  6:06  Terran Infantry Weapons Level 1  
  77  6:11  Barracks Reactor  
  77  6:16  SCV x3, Marine  
  81  6:18  Siege Tank  
  81  6:22  Marine x2  
  86  6:28  SCV x3  
  86  6:30  Medivac  
  86  6:31  Supply Depot x2  
  86  6:32  Medivac  
  93  6:34  Marine  
  93  6:39  Marine  
  94  6:40  SCV x3, Marine  
  99  6:51  Marine x2  
  99  6:52  SCV x3, Marine  
  99  6:53  Barracks Reactor  
  99  6:54  Barracks Reactor  
  105  6:55  Supply Depot  
  105  6:56  Supply Depot  
  105  6:57  Marine x2  
  107  7:04  SCV x3  
  110  7:09  Medivac, Siege Tank, Marine x2  
  117  7:16  SCV x2, Marine x3  
  117  7:17  SCV  
  117  7:20  Refinery  
  117  7:22  Refinery  
  123  7:27  Marine x2  
  123  7:29  SCV  
  126  7:34  Marine x3  
  129  7:37  Marine x2  
  129  7:39  Supply Depot  
  129  7:41  Medivac  
  133  7:56  Command Center  
  133  7:58  Supply Depot, Factory  
  133  8:00  SCV x3  
Tags
 
Add a new tag
Caveats
  • Supply blocks, unpowered buildings, or Contaminate may cause inaccurate times.
  • Supply counts are checked every 10 seconds.